 Dungeon Crawl Stone Soup version 0.27-a0-277-g024f7ef292 (webtiles) character file.

Game seed: 8985209276481891603

14 marklar909 the Grasshopper (level 2, -2/25 HPs)
             Began as a Palentonga Warper on Feb 7, 2021.
             Slain by a leopard gecko (4 damage)
             ... on level 1 of the Dungeon.
             The game lasted 00:07:27 (1141 turns).

marklar909 the Grasshopper (Palentonga Warper)      Turns: 1141, Time: 00:07:28

Health: -2/25      AC:  4    Str: 14    XL:     2   Next: 27%
Magic:  5/5        EV:  9    Int: 13    God:
Gold:   34         SH:  0    Dex:  9    Spells: 5/5 levels left

rFire    . . .     SeeInvis +   a - +0 hand axe
rCold    . . .     Faith    .   (no shield)
rNeg     . . .     Spirit   .   b - +0 leather armour
rPois    .         Reflect  .   (no helmet)
rElec    .         Harm     .   (no cloak)
rCorr    .         Rampage  .   (no gloves)
Will     .....                  (no barding)
Stlth    +.........             (no amulet)
HPRegen  0.08/turn              (no ring)
MPRegen  0.09/turn              (no ring)

@: no status effects
A: large, rugged brown scales 3, see invisible, deformed body, roll 1, armoured
tail
a: Rolling Charge


You were on level 1 of the Dungeon.
You visited 1 branch of the dungeon, and saw 1 of its levels.

You collected 34 gold pieces.

Inventory:

Hand Weapons
 a - a +0 hand axe (weapon)
Missiles
 e - 4 boomerangs of dispersal (quivered)
 m - 7 boomerangs
Armour
 b - a +0 leather armour (worn)
 l - a +0 ring mail
Jewellery
 c - an uncursed ring of flight {unknown}
Scrolls
 d - a scroll of blinking
 f - 3 scrolls of identify {unknown}
 i - a scroll of noise {unknown}
 j - a scroll of enchant armour {unknown}
 k - a scroll of remove curse {unknown}
Potions
 g - a potion of mutation {unknown}
 h - a potion of attraction {unknown}


   Skills:
 + Level 2.0 Fighting
 + Level 2.2 Axes
 + Level 0.6 Throwing
 + Level 1.0 Armour
 + Level 1.6 Dodging
 + Level 2.2 Spellcasting
 + Level 3.2 Translocations


You had 5 spell levels left.
You didn't know any spells.
Your spell library contained the following spells:

 Spells                   Type           Power        Failure   Level
 Blink                    Tloc           N/A          12%         2
 Gell's Gravitas          Tloc           4%           24%         3
 Lesser Beckoning         Tloc           4%           24%         3
 Teleport Other           Tloc           9%           24%         3
 Passage of Golubria      Tloc           N/A          63%         4


Dungeon Overview and Level Annotations

Branches:
Dungeon (1/15)

Altars:


Innate Abilities, Weirdness & Mutations

You are completely covered in rugged brown scales. (AC +3, +7% HP)
You have supernaturally acute eyesight. (SInv)
Armour fits poorly on your strangely shaped body.
You can roll at nearby foes to attack.
You have a long armoured tail.


Message History

The leopard gecko bites you but does no damage.
You hit the leopard gecko.
The leopard gecko is heavily wounded.
The leopard gecko bites you.
You closely miss the leopard gecko.
The leopard gecko is heavily wounded.
The leopard gecko bites you.
* * * LOW HITPOINT WARNING * * *
You closely miss the leopard gecko.
The leopard gecko is heavily wounded.
The leopard gecko barely misses you. The leopard gecko bites you.
* * * LOW HITPOINT WARNING * * *
The leopard gecko bites you but does no damage.
A hobgoblin comes into view.
The hobgoblin shouts!
The leopard gecko bites you but does no damage.
The leopard gecko bites you.
* * * LOW HITPOINT WARNING * * *
The leopard gecko bites you.
You die...

.. #...............#..## ##
.#.###..##..#..#.#...## +#.
.........).....#.#.#..## ##..
........##..#..#.#.#...###...
........................#....
.....................##....#.
.#.#.#.........###.#.##....#.
...........l.....#'#.##....#.
.#.....###.#@........##....#.
#..... #.#.(##...........#.
#..... #....##.(........... #+
###'#.# #................... ##.#
....# ##.#.##.##.#######.. ....
#.# #.#.##.##.#### #.. .... #.#
#......##..).## #.#
....######.####......#..##..###.+
....#.......#.#......#..##......#


You could see a leopard gecko.

Vanquished Creatures
  3 goblins (D:1)
  3 hobgoblins (D:1)
  3 bats (D:1)
  A frilled lizard (D:1)
  2 kobolds (D:1)
  A rat (D:1)
13 creatures vanquished.

Notes
Turn   | Place    | Note
-------+----------+-------------------------------------------
     0 | D:1      | marklar909 the Palentonga Warper began the quest for the
                  | Orb.
     0 | D:1      | Reached XP level 1. HP: 18/18 MP: 3/3
   124 | D:1      | Reached skill level 1 in Armour
   351 | D:1      | Reached XP level 2. HP: 7/25 MP: 5/5
   566 | D:1      | HP: 1/25 [hobgoblin (5)]
  1138 | D:1      | HP: 1/25 [leopard gecko (3)]
  1141 | D:1      | Slain by a leopard gecko

Illustrated notes

Levels and vault maps discovered:
D:1:      dpeg_arrival_pits, layout_basic, chequers_jeans,
          nemelex_diamond_rough_becter

Skill      XL: |  1 |
---------------+----+-----
Armour         | 1 |  1.0
Fighting       | |  2.0
Axes           | |  2.2
Throwing       | |  0.6
Dodging        | |  1.6
Spellcasting   | |  2.2
Translocations | |  3.2

Action                   || total
-------------------------++-------
Melee: Hand axe          ||    56
       Tailslap          ||     4
Throw: Boomerang         ||     1
 Abil: Rolling Charge    ||     3
Armor: Leather armour    ||    18
Dodge: Dodged            ||    38

Table legend: (Time is in decaauts)
 A = Elapsed time spent in this place.
 B = Non-inter-level travel time spent in this place.
 C = Inter-level travel time spent in this place.
 D = Time resting spent in this place.
 E = Time spent auto-exploring this place.
 F = Levels seen in this place.
 G = Mean time per level.
                   A        B        C        D        E       F      G
               +--------+--------+--------+--------+--------+-----+--------+
         Total |   1152 |   1125 |     27 |    219 |    511 |   1 | 1152.0 |
       Dungeon |   1152 |   1125 |     27 |    219 |    511 |   1 | 1152.0 |
               +--------+--------+--------+--------+--------+-----+--------+

Top non-repeatable levels by time:
     D:1: 1152 daAuts
